Map: Kairos Junction LE

Players

Lambo

  • Race: Zerg Zerg
  • Spawn Location: 11:00

DnS - Winner!

  • Race: Protoss Protoss
  • Spawn Location: 5:00

Event: 2019 WCS Summer

VOD

Have the link to the VOD?

Description

Time

  • Played on: July 12, 2019, 1:20 p.m.
  • Length: 9:52

All games in this series

Show
View Real Time Build Order
Export as new Build Order

Lambo Zerg 

Build Orders: Hatch First 

Get SALT Encoding   

  12  0:01  Drone  
  13  0:12  Overlord  
  13  0:16  Drone  
  14  0:30  Drone  
  15  0:36  Drone  
  16  0:49  Hatchery  
  15  0:51  Drone  
  15  0:55  Drone  
  17  0:58  Drone  
  18  1:09  Extractor  
  17  1:13  Spawning Pool  
  17  1:17  Drone  
  17  1:20  Drone  
  18  1:28  Drone  
  19  1:39  Drone  
  20  1:50  Overlord  
  20  2:01  Zergling x2, Queen x2  
  20  2:02  Zergling x2  
  26  2:12  Metabolic Boost  
  26  2:15  Drone  
  26  2:18  Drone  
  28  2:26  Drone  
  28  2:29  Zergling x2  
  30  2:37  Hatchery  
  30  2:43  Drone  
  30  2:44  Zergling x2  
  30  2:48  Spore Crawler  
  30  2:54  Zergling x2, Queen  
  30  2:58  Zergling x2  
  35  3:00  Overlord  
  34  3:14  Drone  
  35  3:21  Drone x3  
  35  3:22  Drone x3  
  41  3:27  Drone  
  42  3:35  Drone  
  42  3:37  Overlord  
  42  3:38  Drone  
  44  3:47  Overlord  
  43  3:50  Drone x2  
  43  3:51  Drone x3  
  48  3:59  Drone x2  
  48  4:00  Drone  
  51  4:03  Roach Warren  
  51  4:04  Overlord  
  51  4:06  Drone x2  
  51  4:09  Drone  
  53  4:13  Drone, Extractor, Overlord  
  53  4:20  Drone  
  53  4:21  Drone  
  54  4:24  Extractor, Overlord  
  54  4:25  Drone x2  
  54  4:29  Drone  
  56  4:33  Overlord  
  56  4:35  Drone  
  56  4:36  Drone  
  58  4:42  Overlord  
  58  4:44  Roach  
  58  4:45  Roach x5  
  70  4:48  Lair  
  70  4:54  Roach x2  
  73  5:00  Drone  
  73  5:01  Overlord  
  73  5:02  Roach  
  73  5:03  Roach x2  
  73  5:06  Overlord  
  80  5:11  Zergling x6, Roach  
  85  5:17  Overlord  
  85  5:25  Roach x3  
  85  5:26  Roach x2  
  85  5:27  Overlord  
  95  5:30  Extractor  
  95  5:31  Zergling x2, Roach x2  
  97  5:47  Overseer  
  96  5:50  Roach x4  
  100  6:02  Drone x9  
  108  6:06  Overseer  
  108  6:13  Drone x3  
  108  6:14  Drone x3  
  108  6:16  Evolution Chamber  
  113  6:19  Drone x2  
  113  6:24  Glial Reconstitution  
  113  6:25  Drone x2, Baneling Nest  
  117  6:29  Extractor  
  115  6:34  Drone x3  
  115  6:35  Drone, Overlord  
  115  6:38  Drone x2  
  121  6:43  Roach x3  
  127  6:55  Roach x4  
  133  7:04  Overlord  
  133  7:05  Queen  
  133  7:06  Overlord  
  135  7:08  Overlord  
  135  7:11  Overlord  
  135  7:13  Hatchery  
  135  7:14  Overlord  
  134  7:15  Centrifical Hooks  
  134  7:17  Zerg Missile Weapons Level 1  
  134  7:21  Roach x2  
  138  7:31  Roach x6  
  138  7:34  Overlord  
  148  7:37  Overlord  
  148  7:43  Roach x4  
  156  7:50  Overlord  
  156  7:54  Zergling x8  
  160  8:00  Zergling x8  
  160  8:01  Ravager  
  160  8:03  Zergling x2  
  164  8:10  Zergling x10  
  169  8:17  Zergling x2  
  170  8:23  Overseer  
  170  8:26  Zergling x12  
  174  8:29  Ravager x2  
  174  8:30  Baneling  
  174  8:31  Baneling x16  
  176  8:37  Baneling x9  
  176  8:38  Zergling x10  
  181  8:45  Overlord  
  181  8:47  Overlord  
  178  8:51  Zergling x10  
  176  8:57  Zergling x8  
  176  8:59  Zergling x2  
  176  9:02  Zergling x2  
  147  9:10  Zergling x6  
  147  9:12  Zergling x6  
  147  9:15  Overseer  
  146  9:17  Baneling x14  
  146  9:19  Ravager  
  146  9:21  Zergling x4  
  144  9:25  Zergling x6  
  144  9:30  Roach x2  
  134  9:33  Roach x4  
  134  9:35  Zergling x2  
  122  9:46  Ravager  
  122  9:47  Ravager x2  
Show
View Real Time Build Order
Export as new Build Order

DnS Protoss - Winner!

Build Orders: 1 Gate Expand, Archon Immortal, Archon Drop 

Get SALT Encoding   

  12  0:00  Probe  
  13  0:12  Probe  
  14  0:18  Pylon  
  14  0:24  Probe  
  15  0:33  Probe  
  15  0:40  Gateway  
  15  0:41  Probe  
  16  0:49  Assimilator  
  17  0:51  Probe  
  18  1:03  Probe  
  19  1:15  Probe  
  20  1:27  Cybernetics Core  
  20  1:36  Nexus  
  20  1:39  Probe  
  21  1:47  Pylon  
  21  1:51  Probe  
  22  1:54  Assimilator  
  22  1:55  Adept  
  22  2:03  Probe  
  25  2:15  Adept  
  25  2:16  Probe, Robotics Facility  
  26  2:28  Probe  
  29  2:30  Warp Gate  
  29  2:41  Probe  
  30  2:48  Stalker  
  32  2:52  Probe  
  32  2:54  Probe  
  34  2:59  Twilight Council  
  34  3:00  Probe  
  35  3:06  Warp Prism  
  35  3:07  Probe  
  38  3:15  Probe  
  38  3:19  Probe  
  40  3:27  Probe  
  40  3:31  Probe  
  42  3:36  Twilight Council  
  42  3:43  Probe  
  42  3:45  Gateway  
  42  3:48  Probe  
  44  3:55  Probe, Pylon  
  45  3:59  Pylon  
  45  4:00  Probe  
  46  4:13  Probe, Dark Shrine, Immortal  
  51  4:24  Adept  
  53  4:27  Probe  
  53  4:28  Probe  
  55  4:32  Gateway  
  55  4:33  Gateway  
  55  4:35  Pylon  
  55  4:38  Assimilator  
  55  4:39  Probe  
  55  4:41  Assimilator  
  55  4:44  Probe  
  55  4:45  Pylon  
  57  4:51  Probe  
  58  4:52  Pylon  
  59  5:03  Probe  
  59  5:15  Immortal  
  59  5:17  Probe  
  59  5:19  Pylon  
  64  5:26  Nexus  
  64  5:27  Dark Templar x3, Pylon  
  70  5:29  Dark Templar  
  72  5:38  Probe x2  
  74  5:49  Immortal  
  70  5:50  Charge  
  70  5:56  Gateway x2  
  70  5:57  Gateway  
  70  6:03  Sentry  
  76  6:06  Archon  
  76  6:07  Archon  
  76  6:19  Forge  
  76  6:20  Sentry x2  
  76  6:23  Immortal  
  76  6:24  Sentry  
  82  6:27  Probe x2  
  82  6:29  Gateway  
  84  6:37  Probe  
  84  6:39  Probe x2  
  91  6:41  Pylon  
  91  6:50  Probe  
  91  6:51  Probe  
  91  6:52  Immortal  
  93  6:57  Protoss Ground Weapons Level 1  
  93  7:04  Sentry, Zealot x3  
  105  7:12  Pylon  
  105  7:17  Probe  
  105  7:18  Probe x2, Zealot x3  
  105  7:19  Immortal  
  105  7:22  Pylon  
  114  7:26  Pylon  
  114  7:35  Dark Templar x2  
  120  7:42  Archon  
  120  7:43  Zealot x3  
  124  7:49  Probe  
  126  7:51  Pylon  
  126  7:58  Pylon  
  129  8:06  Stalker x3  
  129  8:11  Zealot x4  
  143  8:12  Immortal  
  143  8:16  Pylon  
  143  8:27  Pylon  
  143  8:33  Dark Templar x2  
  147  8:36  Zealot x5  
  157  8:42  Immortal  
  155  8:58  Zealot x6  
  143  9:11  Dark Templar x2  
  147  9:18  Archon  
  147  9:19  Zealot, Dark Templar x2  
  147  9:20  Zealot x3  
  147  9:21  Photon Cannon  
  155  9:24  Archon  
  119  9:42  Dark Templar  
  119  9:44  Zealot x5  
  131  9:52  Assimilator x2  
Tags
 
Add a new tag
Caveats
  • Supply blocks, unpowered buildings, or Contaminate may cause inaccurate times.
  • Supply counts are checked every 10 seconds.